 Dungeon Crawl Stone Soup version 0.30-a0-135-g630cfc4551 (webtiles) character file.

Game seed: 454170913682251068

226 wilfster70 the Chopper (level 5, -3/47 HPs)
             Began as a Minotaur Berserker on Sept 20, 2022.
             Was a Follower of Trog.
             Slain by a gnoll
             ... wielding a +0 spear
              (7 damage)
             ... on level 3 of the Dungeon.
             The game lasted 00:04:51 (2791 turns).

wilfster70 the Chopper (Minotaur Berserker)         Turns: 2791, Time: 00:04:51

Health: -3/47      AC:  5    Str: 23    XL:     5   Next: 69%
Magic:  4/4        EV: 11    Int:  4    God:    Trog [*.....]
Gold:   111        SH:  0    Dex: 10    Spells: 4/4 levels left

rFire   . . .      SeeInvis .    a - +1 hand axe
rCold   . . .      Faith    .    (no shield)
rNeg    . . .      Spirit   .    e - +0 ring mail
rPois   .          Reflect  .    (helmet restricted)
rElec   .          Harm     .    (no cloak)
rCorr   .          Rampage  .    (no gloves)
Will    ++...                    (no boots)
Stlth   ..........               (no amulet)
HPRegen 1.15/turn                (no ring)
MPRegen 0.09/turn                (no ring)

@: strong-willed, on berserk cooldown, regenerating, slowed, very slow
A: horns 2, retaliatory headbutt
a: Renounce Religion, Berserk


You were on level 3 of the Dungeon.
You worshipped Trog.
Trog was aware of your devotion.
You visited 1 branch of the dungeon, and saw 3 of its levels.

You collected 111 gold pieces.

Inventory:

Hand Weapons
 a - a +1 hand axe (weapon)
Armour
 e - a +0 ring mail (worn)
Scrolls
 b - a scroll of blinking {unknown}
 g - a scroll of enchant weapon
 j - a scroll of fear {unknown}
Potions
 c - 2 potions of curing
 d - a potion of berserk rage {unknown}
 f - a potion of haste {unknown}
 h - 2 potions of resistance
 i - a potion of mutation {unknown}


   Skills:
 + Level 4.7 Fighting
 * Level 5.6 Axes
 + Level 3.8 Armour
 + Level 3.5 Dodging


You had 4 spell levels left.
You didn't know any spells.
Your spell library contained the following spells:

 Spells                   Type           Power      Damage    Failure   Level
 Ensorcelled Hibernation  Hex/Ice        0%         N/A       80%         2
 Passwall                 Tmut/Erth      0%         N/A       80%         2
 Sublimation of Blood     Necr           0%         N/A       80%         2
 Wereblood                Tmut           0%         N/A       80%         2
 Swiftness                Air            0%         N/A       95%         3
 Summon Hydra             Summ           0%         N/A       100%        7


Dungeon Overview and Level Annotations

Branches:
Dungeon (3/15)

Altars:

Shops:
D:1 (


Innate Abilities, Weirdness & Mutations

You have a pair of horns on your head.
You reflexively headbutt those who attack you in melee.


Message History

The gnoll hits you but does no damage.
The gnoll hits you from afar with a +0 spear.
* * * LOW HITPOINT WARNING * * *
The gnoll attacks as you move away! The gnoll misses you.
You furiously retaliate!
You headbutt the gnoll.
Your skin crawls.
You feel strong-willed.
You can no longer call upon Trog for regeneration and willpower.
The gnoll hits you but does no damage.
A red film seems to cover your vision as you go berserk!
You feel yourself moving faster!
You feel mighty!
The gnoll hits you from afar with a +0 halberd.
* * * LOW HITPOINT WARNING * * *
You feel a strong urge to attack something.
You slash the gnoll!
The gnoll is almost dead.
The gnoll closely misses you. You furiously retaliate!
You headbutt the gnoll!
You kill the gnoll!
Trog accepts your kill.
The gnoll hits you from afar with a +0 spear.
* * * LOW HITPOINT WARNING * * *
You are no longer berserk.
You are exhausted.
You feel yourself slow down. The gnoll hits you with a +0 spear.
* * * LOW HITPOINT WARNING * * *
You see here a +0 halberd.
The gnoll hits you with a +0 spear.
* * * LOW HITPOINT WARNING * * *
You barely miss the gnoll. The gnoll completely misses you.
You hit the gnoll.
The gnoll is moderately wounded.
You closely miss the gnoll. The gnoll hits you with a +0 flail.
* * * LOW HITPOINT WARNING * * *
The gnoll hits you but does no damage.
You slash the gnoll!
You kill the gnoll!
Trog accepts your kill.
You hit the gnoll. The gnoll barely misses you.
The gnoll hits you with a +0 spear!
You die...

.........#
###...############...
.........####......###
#...
............#........#
#...
####.#...####........#
#... # #.#...#
#........# #... #
#.#...# #.##'##..##
#... # #.#...##
#.##...#..# #... +
..+....# #.##)###..#
#### # ###....#
#..g@)....# # #....#
#.######..# #....###.#
...# #........# .#..#
#....######## ......
#............ ## ##..
####......... ## .
#......... #. ..+
########## #. ..#


You could see a gnoll.

Vanquished Creatures
  An ogre (D:3)
  A scorpion zombie (D:3)
  3 gnolls (D:3)
  5 adders (D:3)
  6 ball pythons
  5 bats
  7 endoplasms
  A giant cockroach (D:1)
  5 goblins
  7 hobgoblins
  2 quokkas
  A ball python skeleton (D:3)
  2 frilled lizards
  3 kobolds
  3 rats
52 creatures vanquished.

Vanquished Creatures (others)
  A withered plant (D:3)
1 creature vanquished.

Grand Total: 53 creatures vanquished

Notes
Turn   | Place    | Note
-------+----------+-------------------------------------------
     0 | D:1      | wilfster70 the Minotaur Berserker began the quest for the
                  | Orb.
     0 | D:1      | Reached XP level 1. HP: 19/19 MP: 0/0
   340 | D:1      | Reached XP level 2. HP: 19/27 MP: 1/1
   487 | D:1      | Reached skill level 4 in Axes
   897 | D:1      | Reached XP level 3. HP: 33/33 MP: 2/2
  1070 | D:1      | Found Ifojerph's Weapon Boutique.
  1383 | D:2      | Found a faded altar of an unknown god.
  1863 | D:2      | Reached ** piety under Trog
  2251 | D:3      | Reached XP level 4. HP: 40/40 MP: 3/3
  2485 | D:3      | Noticed an ogre
  2500 | D:3      | Killed an ogre
  2501 | D:3      | Reached skill level 5 in Axes
  2501 | D:3      | Reached XP level 5. HP: 44/47 MP: 4/4
  2788 | D:3      | HP: 1/47 [gnoll/+0 spear (5)]
  2791 | D:3      | Slain by a gnoll

Illustrated notes

Levels and vault maps discovered:
D:1:      lightli_arrival_boilingwater, layout_basic, serial_shops,
          nicolae_shop_hallway_stairs
D:2:      layout_basic, dreamdust_ecumenical_altar_grove
D:3:      layout_basic, serial_undead, serial_undead_b, serial_undead_c,
          serial_undead_b, serial_undead_d, uniq_ijyb

Skill      XL: |  1  2  3  4 |
---------------+-------------+-----
Axes           | 4 5 |  5.6
Fighting       | 4 |  4.7
Armour         | 3 |  3.8
Dodging        | 3 |  3.5

Action                   |  1- 3 |  4- 6 || total
-------------------------+-------+-------++-------
Melee: Hand axe          |    67 |    29 ||    96
       Headbutt          |    14 |     5 ||    19
       Punch             |     1 |       ||     1
Invok: Berserk           |       |     2 ||     2
       Trog's Hand       |       |     2 ||     2
  Use: Scroll            |     4 |     1 ||     5
Armor: Animal skin       |     3 |       ||     3
       Ring mail         |    14 |     8 ||    22
Dodge: Dodged            |    43 |    21 ||    64

Table legend: (Time is in decaauts)
 A = Elapsed time spent in this place.
 B = Non-inter-level travel time spent in this place.
 C = Inter-level travel time spent in this place.
 D = Time resting spent in this place.
 E = Time spent auto-exploring this place.
 F = Levels seen in this place.
 G = Mean time per level.
                   A        B        C        D        E       F      G
               +--------+--------+--------+--------+--------+-----+--------+
         Total |   2810 |   2749 |     61 |    601 |   1286 |   3 |  936.7 |
       Dungeon |   2810 |   2749 |     61 |    601 |   1286 |   3 |  936.7 |
               +--------+--------+--------+--------+--------+-----+--------+

Top non-repeatable levels by time:
     D:1: 1104 daAuts
     D:2: 1072 daAuts
     D:3: 634 daAuts
